[gd_scene load_steps=16 format=2]

[ext_resource path="res://ressources/acte3/metro.png" type="Texture" id=1]

[sub_resource type="RectangleShape2D" id=1]
extents = Vector2( 32, 32 )

[sub_resource type="RectangleShape2D" id=2]
extents = Vector2( 32.3156, 32 )

[sub_resource type="OccluderPolygon2D" id=3]
polygon = PoolVector2Array( -35.423, 31.7906, -35.423, 33.7906, 34.577, 33.7906, 34.577, 31.7906 )

[sub_resource type="RectangleShape2D" id=4]
extents = Vector2( 32.577, 32.2094 )

[sub_resource type="RectangleShape2D" id=5]
extents = Vector2( 32.05, 31.851 )

[sub_resource type="RectangleShape2D" id=6]
extents = Vector2( 32, 32 )

[sub_resource type="RectangleShape2D" id=7]
extents = Vector2( 32, 32 )

[sub_resource type="RectangleShape2D" id=8]
extents = Vector2( 32, 32 )

[sub_resource type="RectangleShape2D" id=9]
extents = Vector2( 32, 32 )

[sub_resource type="OccluderPolygon2D" id=10]
polygon = PoolVector2Array( -32, 32, -32, 35, 32, 35, 32, 32 )

[sub_resource type="RectangleShape2D" id=11]
extents = Vector2( 32, 32 )

[sub_resource type="OccluderPolygon2D" id=12]
polygon = PoolVector2Array( -32, 32, -32, 35, 32, 35, 32, 32 )

[sub_resource type="RectangleShape2D" id=13]
extents = Vector2( 32, 32 )

[sub_resource type="RectangleShape2D" id=14]
extents = Vector2( 32, 32 )

[node name="MetroRame_Murs" type="Node2D"]

[node name="Fenetre1" type="Sprite" parent="."]
texture = ExtResource( 1 )
vframes = 4
hframes = 4

[node name="LightOccluder2D" type="LightOccluder2D" parent="Fenetre1"]
position = Vector2( -0.12851, -0.128513 )

[node name="StaticBody2D" type="StaticBody2D" parent="Fenetre1"]

[node name="CollisionShape2D" type="CollisionShape2D" parent="Fenetre1/StaticBody2D"]
shape = SubResource( 1 )

[node name="Fenetre2" type="Sprite" parent="."]
position = Vector2( 76.6844, 0 )
texture = ExtResource( 1 )
vframes = 4
hframes = 4
frame = 1

[node name="LightOccluder2D" type="LightOccluder2D" parent="Fenetre2"]

[node name="StaticBody2D" type="StaticBody2D" parent="Fenetre2"]

[node name="CollisionShape2D" type="CollisionShape2D" parent="Fenetre2/StaticBody2D"]
shape = SubResource( 2 )

[node name="Mur" type="Sprite" parent="."]
position = Vector2( 154.423, -0.790558 )
texture = ExtResource( 1 )
vframes = 4
hframes = 4
frame = 2

[node name="LightOccluder2D" type="LightOccluder2D" parent="Mur"]
occluder = SubResource( 3 )

[node name="StaticBody2D" type="StaticBody2D" parent="Mur"]

[node name="CollisionShape2D" type="CollisionShape2D" parent="Mur/StaticBody2D"]
shape = SubResource( 4 )

[node name="Sprite4" type="Sprite" parent="."]
position = Vector2( 237.95, -1.14905 )
texture = ExtResource( 1 )
vframes = 4
hframes = 4
frame = 3

[node name="LightOccluder2D" type="LightOccluder2D" parent="Sprite4"]

[node name="StaticBody2D" type="StaticBody2D" parent="Sprite4"]

[node name="CollisionShape2D" type="CollisionShape2D" parent="Sprite4/StaticBody2D"]
shape = SubResource( 5 )

[node name="Sol" type="Sprite" parent="."]
position = Vector2( 323.716, -0.880249 )
texture = ExtResource( 1 )
vframes = 4
hframes = 4
frame = 6

[node name="MurInvisible" type="Sprite" parent="."]
modulate = Color( 0, 0, 0, 0 )
position = Vector2( 408, -1 )
texture = ExtResource( 1 )
vframes = 4
hframes = 4

[node name="StaticBody2D" type="StaticBody2D" parent="MurInvisible"]

[node name="CollisionShape2D" type="CollisionShape2D" parent="MurInvisible/StaticBody2D"]
shape = SubResource( 6 )

[node name="Noir" type="Sprite" parent="."]
position = Vector2( -1, 93 )
texture = ExtResource( 1 )
vframes = 4
hframes = 4
frame = 8

[node name="Fenetre3" type="Sprite" parent="."]
position = Vector2( 84, 93 )
texture = ExtResource( 1 )
vframes = 4
hframes = 4
frame = 9

[node name="StaticBody2D" type="StaticBody2D" parent="Fenetre3"]

[node name="CollisionShape2D" type="CollisionShape2D" parent="Fenetre3/StaticBody2D"]
shape = SubResource( 7 )

[node name="Fenetre4" type="Sprite" parent="."]
position = Vector2( 164, 93 )
texture = ExtResource( 1 )
vframes = 4
hframes = 4
frame = 10

[node name="StaticBody2D" type="StaticBody2D" parent="Fenetre4"]

[node name="CollisionShape2D" type="CollisionShape2D" parent="Fenetre4/StaticBody2D"]
shape = SubResource( 8 )

[node name="Mur2" type="Sprite" parent="."]
position = Vector2( 247, 92 )
texture = ExtResource( 1 )
vframes = 4
hframes = 4
frame = 11

[node name="StaticBody2D" type="StaticBody2D" parent="Mur2"]

[node name="CollisionShape2D" type="CollisionShape2D" parent="Mur2/StaticBody2D"]
shape = SubResource( 9 )

[node name="LightOccluder2D" type="LightOccluder2D" parent="Mur2"]
occluder = SubResource( 10 )

[node name="Mur3" type="Sprite" parent="."]
position = Vector2( 248, 167 )
texture = ExtResource( 1 )
vframes = 4
hframes = 4
frame = 12

[node name="StaticBody2D" type="StaticBody2D" parent="Mur3"]

[node name="CollisionShape2D" type="CollisionShape2D" parent="Mur3/StaticBody2D"]
shape = SubResource( 11 )

[node name="LightOccluder2D" type="LightOccluder2D" parent="Mur3"]
occluder = SubResource( 12 )

[node name="Porte2" type="Sprite" parent="."]
position = Vector2( 330, 92 )
texture = ExtResource( 1 )
vframes = 4
hframes = 4
frame = 13

[node name="StaticBody2D" type="StaticBody2D" parent="Porte2"]

[node name="CollisionShape2D" type="CollisionShape2D" parent="Porte2/StaticBody2D"]
shape = SubResource( 13 )

[node name="Porte3" type="Sprite" parent="."]
position = Vector2( 331, 167 )
texture = ExtResource( 1 )
vframes = 4
hframes = 4
frame = 14

[node name="StaticBody2D" type="StaticBody2D" parent="Porte3"]

[node name="CollisionShape2D" type="CollisionShape2D" parent="Porte3/StaticBody2D"]
shape = SubResource( 14 )

[node name="Sol2" type="Sprite" parent="."]
position = Vector2( 415, 92 )
texture = ExtResource( 1 )
vframes = 4
hframes = 4
frame = 15
